 Dungeon Sprint DCSS version 0.23.0-3-gf3c87f2 (webtiles) character file.

Game seed: 16587486586667269497

58 nuthulu the Ruffian (level 3, -2/40 HPs)
             Began as a Troll Monk on Feb 24, 2019.
             Splashed by an oklob sapling priest's acid (8 damage)
             ... in the Dungeon (Sprint IV: "Fedhas' Mad Dash").
             The game lasted 00:00:25 (101 turns).

nuthulu the Ruffian (Troll Monk)                     Turns: 101, Time: 00:00:26

Health: -2/40      AC: -2    Str: 20    XL:     3   Next: 76%
Magic:  2/2        EV: 11    Int:  6    God:
Gold:   56         SH:  0    Dex: 12    Spells: 2/2 levels left

rFire    . . .     SeeInvis .     - Unarmed
rCold    . . .     Gourm    +   (no shield)
rNeg     . . .     Faith    .   a - +0 robe
rPois    .         Spirit   .   (helmet restricted)
rElec    .         Reflect  .   (no cloak)
rCorr    .         Harm     .   (gloves unavailable)
MR       .....     NoTele   +   (boots unavailable)
Stlth    ++........             i - amulet of invisibility {+Inv}
HPRegen  0.53/turn              (no ring)
MPRegen  0.08/turn              (no ring)

@: corroded
A: large, unfitting armour, claws 3, fast metabolism 3, gourmand, regeneration
1, shaggy fur 1, tough skin 3
a: Evoke Invisibility


You were in the Dungeon.
You were not hungry.

You visited 1 branch You collected 56 gold pieces.

Inventory:

Armour
 a - a +0 robe (worn)
Jewellery
 i - the amulet of invisibility (around neck) {+Inv}
   (You found it in the Dungeon)

   [amulet of nothing]

   It lets you turn invisible.
Scrolls
 h - a scroll of blinking
Potions
 c - a potion of curing
 d - a potion of heal wounds
 e - a potion of haste
 f - 2 potions of magic
 g - a potion of berserk rage
Comestibles
 b - 3 rations


   Skills:
 + Level 4.3 Fighting
 + Level 4.2 Dodging
 - Level 1.0 Stealth
 + Level 5.2 Unarmed Combat


You had 2 spell levels left.
You didn't know any spells.
Your spell library was empty.

Dungeon Overview and Level Annotations

Branches:
Dungeon (1/1)

Altars:
Cheibriados
Dithmenos
Gozag
Hepliaklqana
Makhleb
Nemelex Xobeh
Okawaru
Ru
Sif Muna
Trog
Wu Jian
Xom
Yredelemnul
Zin
Beogh
Jiyva

Annotations:
D exclusion: oklob sapling


Innate Abilities, Weirdness & Mutations

You are too large for most types of armour.
You have claws for hands.
Your metabolism is lightning-fast.
You like to eat raw meat.
Your natural rate of healing is unusually fast.
You are covered in fur. (AC +1)
You have extremely tough skin. (AC +3)


Message History

HP restored.
You now have 30 gold pieces (gained 14).
You now have 38 gold pieces (gained 8).
You now have 45 gold pieces (gained 7).
You now have 56 gold pieces (gained 11).
You open the door.
Found ten altars.
Marking area around the oklob sapling priest as unsafe for travelling.
An oklob sapling priest comes into view.
Found three altars.
There is an open door here.
Unknown command.
The oklob sapling priest spits acid at you.
The splash of acid hits you! The acid corrodes you!
You are splashed with acid!
Found three altars.
The oklob sapling priest spits acid at you.
The splash of acid hits you!
* * * LOW HITPOINT WARNING * * *
The acid corrodes you!
You are splashed with acid!
You die...

#########################
<..P#.....#.....#.⌠._._._
PP..'.†...'.#...@.._._._.
PPPP#.....#.#...#..._._P_
##############+##.._._._.
#._._._._ #########


You could see an oklob sapling priest.

Vanquished Creatures
  An oklob sapling (D)
  A worker ant (D)
  A river rat (D)
  A rat (D)
4 creatures vanquished.

Notes
Turn   | Place    | Note
-------+----------+-------------------------------------------
     0 | D        | nuthulu the Troll Monk began the quest for the Orb.
     0 | D        | Reached XP level 1. HP: 22/22 MP: 0/0
    12 | D        | Reached XP level 2. HP: 30/31 MP: 1/1
    20 | D        | Noticed an oklob sapling
    25 | D        | Killed an oklob sapling
    25 | D        | Reached skill level 4 in Unarmed Combat
    25 | D        | Reached XP level 3. HP: 39/39 MP: 2/2
    29 | D        | Found the amulet of invisibility {+Inv}
    33 | D        | Reached skill level 5 in Unarmed Combat
    98 | D        | Found an opulent altar of Gozag.
    98 | D        | Found a hazy altar of Hepliaklqana.
    98 | D        | Found a burning altar of Makhleb.
    98 | D        | Found a roughly hewn altar of Beogh.
    98 | D        | Found a sparkling altar of Nemelex Xobeh.
    98 | D        | Found a snail-covered altar of Cheibriados.
    98 | D        | Found a sacrificial altar of Ru.
    98 | D        | Found a deep blue altar of Sif Muna.
    98 | D        | Found a shimmering altar of Xom.
    98 | D        | Found a basalt altar of Yredelemnul.
    99 | D        | Found a viscous altar of Jiyva.
    99 | D        | Found a bloodstained altar of Trog.
    99 | D        | Found an ornate altar of the Wu Jian Council.
    99 | D        | Noticed an oklob sapling priest
   100 | D        | Found an iron altar of Okawaru.
   100 | D        | Found a shadowy altar of Dithmenos.
   100 | D        | Found a glowing silver altar of Zin.
   101 | D        | Splashed by an oklob sapling priest's acid

Skill      XL: |  1  2  3 |
---------------+----------+-----
Fighting       | 3 4 |  4.3
Dodging        | 3 4 |  4.2
Unarmed Combat | 4 5 |  5.2
Stealth        | |  1.0

Action                   || total
-------------------------++-------
Melee: Unarmed           ||    17
Armor: Robe              ||     5
Dodge: Dodged            ||     4
